 Dungeon Crawl Stone Soup version 0.31-a0-662-g684573625c (webtiles) character file.

Game seed: 8309259949205143941

14 Dirtsage the Changeling (level 2, 0/27 HPs)
             Began as an Octopode Shapeshifter on Aug 31, 2023.
             Slain by a goblin
             ... wielding a +0 dagger
             ... led by Robin
              (4 damage)
             ... on level 3 of the Dungeon.
             The game lasted 00:01:06 (787 turns).

Dirtsage the Changeling (Octopode Shapeshifter)      Turns: 787, Time: 00:01:06

Health: 0/27       AC: 21    Str: 13    XL:     2   Next: 45%
Magic:  2/2        EV:  2    Int: 12    God:
Gold:   19         SH:  0    Dex: 11    Spells: 1/1 levels left

rFire   . .          .
                       - Unarmed
rCold   . . .        (no shield)
rNeg    . . .        (helmet currently unavailable)
rPois   +            (no amulet)
rElec   .            (no ring)
rCorr   .            (no ring)
SInv    .            (no ring)
Will    .....        (no ring)
Stlth   +            (no ring)
HPRegen 0.24/turn    (no ring)
MPRegen 0.08/turn    (no ring)
                     (no ring)

%: no passive effects
@: tree-form
A: stationary, stasis, torment immunity, boosted hp, almost no armour,
(amphibious), 8 rings, (camouflage 1), (gelatinous body 1), (nimble swimmer 1),
(tentacles)
a: no special abilities


You were on level 3 of the Dungeon.
You were a tree.
You visited 1 branch of the dungeon, and saw 3 of its levels.

You collected 19 gold pieces.

Inventory:

Talismans
 b - a beast talisman
 c - a flux talisman
Scrolls
 f - 2 scrolls of immolation {unknown}
 g - a scroll of blinking {unknown}
Potions
 d - a potion of might {unknown}
 e - a potion of haste {unknown}


   Skills:
 - Level 1.0 Fighting
 - Level 2.0 Dodging
 + Level 3.2 Unarmed Combat
 * Level 3.4 Shapeshifting


You had one spell level left.
You didn't know any spells.
Your spell library contained the following spells:

 Spells                   Type           Power      Damage    Failure   Level
 Slow                     Hex            0%         N/A       32%         1
 Confusing Touch          Hex            0%         N/A       69%         3
 Hailstorm                Conj/Ice       0%         3d3       69%         3
 Vampiric Draining        Necr           0%         2d6       69%         3
 Summon Ice Beast         Ice/Summ       0%         N/A       97%         4
 Simulacrum               Ice/Necr       0%         N/A       100%        6


Dungeon Overview and Level Annotations

Branches:
Dungeon (3/15)

Altars:

Shops:
D:1 ?

Annotations:
D:3 Robin


Innate Abilities, Weirdness & Mutations

You are a tree.
Your roots penetrate the ground, keeping you stationary.
You cannot be teleported.
You are immune to unholy pain and torment.
Your maximum health is greatly increased.
You cannot wear most types of armour.
((You are amphibious.))
You can wear up to eight rings at the same time.
((Your skin changes colour to match your surroundings (Stealth+).))
((Your rubbery body absorbs attacks. (AC +1, EV +1)))
((You are camouflaged when in or above water. (Stealth+)))
((You have tentacles for arms and can constrict up to eight enemies at once.))


Message History

A hobgoblin comes into view.
A goblin comes into view. It is wielding a +0 club.
You closely miss the hobgoblin.
The goblin shouts!
You grab the hobgoblin.
You constrict the hobgoblin, but do no damage.
The hobgoblin hits you but does no damage.
Robin roars a battlecry!
The goblins go into a battle-frenzy!
You tentacle-slap the hobgoblin.
The hobgoblin is moderately wounded.
You constrict the hobgoblin. Robin throws the goblin at you!
The goblin hits you with a +0 dagger. The hobgoblin hits you.
You take 8 damage, and have 10/18 hp.
MASSIVE DAMAGE!!
Okay, then.
Your transformation has ended.
You turn into a tree.
Your roots penetrate the ground.
You lose your grip on the hobgoblin.
Robin throws the goblin at you! The goblin hits you but does no damage.
The hobgoblin hits you but does no damage.
The goblin hits you but does no damage.
You now have 15/27 hp.
You closely miss the goblin.
Robin laughs in a distinctly smug fashion.
Robin throws the goblin at you! The goblin hits you but does no damage.
The hobgoblin hits you but does no damage.
The goblin hits you but does no damage. x2
You take 2 damage, and have 13/27 hp.
You miss the goblin. The hobgoblin hits you.
* * * LOW HITPOINT WARNING * * *
The goblin hits you but does no damage. The goblin hits you with a +0 club.
* * * LOW HITPOINT WARNING * * *
The goblin hits you but does no damage.
You take 9 damage, and have 4/27 hp.
MASSIVE DAMAGE!!
You hit the hobgoblin but do no damage.
The hobgoblin is severely wounded.
The goblin hits you but does no damage.
The hobgoblin hits you but does no damage.
The goblin hits you with a +0 dagger.
You die...

#####.#........#
#..............#
###>#........#
#...†........#
#.#.#........#
#.#.#..††#+###
#.#.####.#.# #.#.#
#.#g###.#...
#.#.####..g♣ggggg..
#.#.##....g###.#g..
#.#....#.#.#
####+#.#..###.#.#
.......>..# ....?
......##..#.#.#.#.
......##..#.#+#.#.#
......##..# ..# #
##...###..#


You could see Robin, 2 hobgoblins and 6 goblins.

Vanquished Creatures
  A dart slug (D:1)
  5 ball pythons
  A giant cockroach (D:1)
  A frilled lizard (D:1)
  2 goblins
  A kobold (D:1)
  3 rats
14 creatures vanquished.

Notes
Turn   | Place    | Note
-------+----------+-------------------------------------------
     0 | D:1      | Dirtsage the Octopode Shapeshifter began the quest for the
                  | Orb.
     0 | D:1      | Reached XP level 1. HP: 13/13 MP: 1/1
   402 | D:1      | Reached XP level 2. HP: 12/18 MP: 2/2
   457 | D:1      | Found Roulio's Magic Scroll Shop.
   746 | D:2      | You fall into a shaft and drop 1 floor!
   781 | D:3      | Noticed Robin
   787 | D:3      | Slain by a goblin

Illustrated notes

Levels and vault maps discovered:
D:1:      dpeg_arrival_oval, layout_loops_ring, serial_shops, shop_statue
D:2:      layout_basic, ebering_dispersal_statue_hall, uniq_terence
D:3:      layout_basic, trog_book, ebering_ecumenical_altar_hall, uniq_robin

Action                     || total
---------------------------++-------
  Melee: Unarmed           ||    25
         Constrict         ||     6
         Punch             ||     1
         Tentacles         ||     1
    Use: Potion            ||     1
   Stab: Sleeping          ||     3
 Armour: Skin              ||    27
  Dodge: Dodged            ||     6

Table legend: (Time is in decaauts)
 A = Elapsed time spent in this place.
 B = Non-inter-level travel time spent in this place.
 C = Inter-level travel time spent in this place.
 D = Time resting spent in this place.
 E = Time spent auto-exploring this place.
 F = Levels seen in this place.
 G = Mean time per level.
                   A        B        C        D        E       F      G
               +--------+--------+--------+--------+--------+-----+--------+
         Total |    785 |    771 |     14 |      0 |    690 |   3 |  261.7 |
       Dungeon |    785 |    771 |     14 |      0 |    690 |   3 |  261.7 |
               +--------+--------+--------+--------+--------+-----+--------+

Top non-repeatable levels by time:
     D:1: 745 daAuts
     D:3: 40 daAuts
